 Dungeon Crawl Stone Soup version 0.31.0-10-gcf4a605ca0 (webtiles) character file.

Game seed: 10923588494518318025

8417 DocClef the Blocker (level 11, -9/89 HPs)
             Began as a Gnoll Fighter on Jan 25, 2024.
             Was an Initiate of Gozag.
             Mangled by a two-headed ogre
             ... wielding a +0 giant club
              (14 damage)
             ... on level 9 of the Dungeon.
             The game lasted 00:14:06 (9119 turns).

DocClef the Blocker (Gnoll Fighter)                 Turns: 9119, Time: 00:14:07

Health: -9/89      AC: 14    Str: 17    XL:     11   Next: 30%
Magic:  20/20      EV: 12    Int: 10    God:    Gozag
Gold:   1610       SH:  6    Dex: 16    Spells: 22/22 levels left

rFire   + . .        y - +5 long sword of the Scavenger {freeze, rC+ Int+2 Dex+2}
rCold   + + .        c - +0 buckler
rNeg    . . .        b - +0 scale mail
rPois   .            j - +2 helmet
rElec   .            (no cloak)
rCorr   .            m - +0 pair of gloves
SInv    .            e - +0 pair of boots
Will    .....        (no amulet)
Stlth   ++           E - ring of protection from fire
HPRegen 0.34/turn    z - ring of protection from cold
MPRegen 0.17/turn

%: no passive effects
@: no status effects
A: fangs 1, strong nose, distributed training
a: Renounce Religion, Potion Petition, Call Merchant, Bribe Branch


You were on level 9 of the Dungeon.
You worshipped Gozag.
Gozag was most pleased with you.
You visited 2 branches of the dungeon, and saw 10 of its levels.
You also visited: Ossuary.

You collected 1666 gold pieces.
You paid 56 gold pieces to Gozag.

Inventory:

Hand Weapons
 a - a +0 flail
 p - a +0 short sword of electrocution
 y - the +5 long sword of the Scavenger (weapon) {freeze, rC+ Int+2 Dex+2}
   (You found it on level 5 of the Dungeon)

   Int+2:     It affects your intelligence (+2).
   Dex+2:     It affects your dexterity (+2).
   rC+:       It protects you from cold.
 F - a +1 heavy flail
Armour
 b - a +0 scale mail (worn)
 c - a +0 buckler (worn)
 e - a +0 pair of boots (worn)
 j - a +2 helmet (worn)
 m - a +0 pair of gloves (worn)
Jewellery
 z - a ring of protection from cold (right hand)
 E - a ring of protection from fire (left hand)
 G - a ring of wizardry
Wands
 q - a wand of flame (10)
 u - a wand of digging (3)
 C - a wand of charming (9)
 H - a wand of mindburst (19)
Scrolls
 f - 6 scrolls of identify
 l - a scroll of fog
 n - a scroll of fear
 o - 8 scrolls of teleportation
 r - a scroll of vulnerability {unknown}
 w - a scroll of enchant armour {unknown}
 x - a scroll of poison {unknown}
 B - a scroll of noise {unknown}
 J - a scroll of brand weapon {unknown}
Potions
 d - 2 potions of might
 g - a potion of haste
 h - a potion of attraction {unknown}
 i - 6 potions of curing {unknown}
 k - 2 potions of lignification {unknown}
 s - 3 potions of brilliance {unknown}
 t - a potion of cancellation {unknown}
 v - a potion of mutation {unknown}
 A - 2 potions of heal wounds
 D - a potion of ambrosia {unknown}
 I - a potion of berserk rage {unknown}


   Skills:
 + Level 9.2 Fighting
 + Level 6.4 Short Blades
 + Level 6.4 Long Blades
 + Level 6.4 Axes
 + Level 8.0 Maces & Flails
 + Level 6.4 Polearms
 + Level 6.4 Staves
 + Level 6.4 Ranged Weapons
 + Level 6.4 Throwing
 + Level 9.2 Armour
 + Level 6.4 Dodging
 + Level 6.4 Stealth
 + Level 9.2 Shields
 + Level 6.4 Unarmed Combat
 + Level 6.4 Spellcasting
 + Level 5.3 Conjurations
 + Level 5.3 Hexes
 + Level 5.3 Summonings
 + Level 5.3 Necromancy
 + Level 5.3 Translocations
 + Level 5.3 Fire Magic
 + Level 5.3 Ice Magic
 + Level 5.3 Air Magic
 + Level 5.3 Earth Magic
 + Level 5.3 Alchemy
 + Level 7.0 Invocations
 + Level 6.4 Evocations
 + Level 5.8 Shapeshifting


You had 22 spell levels left.
You didn't know any spells.
Your spell library contained the following spells:

 Spells                   Type           Power      Damage    Failure   Level
 Apportation              Tloc           26%        N/A       8%          1
 Necrotise                Necr           52%        1d6       8%          1
 Sting                    Conj/Alch      52%        1d6       8%          1
 Summon Small Mammal      Summ           52%        N/A       8%          1
 Call Canine Familiar     Summ           13%        N/A       22%         3
 Summon Blazeheart Golem  Fire/Summ      13%        N/A       58%         4


Dungeon Overview and Level Annotations

Branches:
Dungeon (9/15)             Temple (1/1) D:4            Lair (0/5) D:9
Ossuary (visited)
    Orc: D:9-12

Altars:
Ashenzari
Dithmenos
Elyvilon
Fedhas
Gozag
Hepliaklqana
Kikubaaqudgha
Qazlal
Ru
Sif Muna
Uskayaw
Vehumet
Wu Jian
Zin

Shops:
D:3 ?   D:9 *


Innate Abilities, Weirdness & Mutations

You have very sharp teeth.
Your uncanny sense of smell can sniff out nearby items.
Your experience applies equally to all skills.


Message History

The two-headed ogre hits you with a +0 giant club.
You block the kobold's attack.
Things that are here:
7 gold pieces; a +0 club; 2 poisoned darts You barely miss the two-headed ogre.
The two-headed ogre hits you but does no damage.
The two-headed ogre misses you.
You hit the two-headed ogre. You freeze the two-headed ogre.
The two-headed ogre is lightly wounded.
The two-headed ogre hits you with a +0 giant club. x2
You slash the two-headed ogre! You freeze the two-headed ogre.
The two-headed ogre is moderately wounded.
You hit the two-headed ogre. You freeze the two-headed ogre.
The two-headed ogre is moderately wounded.
The two-headed ogre barely misses you.
The two-headed ogre hits you with a +0 giant club!
You barely miss the two-headed ogre.
The two-headed ogre is moderately wounded.
The two-headed ogre hits you with a +0 giant club.
The two-headed ogre hits you with a +0 giant club!
You closely miss the two-headed ogre.
The two-headed ogre is moderately wounded.
The two-headed ogre hits you with a +0 giant club!
The two-headed ogre barely misses you.
You barely miss the two-headed ogre.
You bite the two-headed ogre, but do no damage.
The two-headed ogre is moderately wounded.
You slash the two-headed ogre! You freeze the two-headed ogre.
You bite the two-headed ogre, but do no damage.
The two-headed ogre is heavily wounded.
The two-headed ogre hits you with a +0 giant club!
The two-headed ogre hits you with a +0 giant club!!
* * * LOW HITPOINT WARNING * * *
You hit the two-headed ogre. You freeze the two-headed ogre.
You bite the two-headed ogre, but do no damage.
The two-headed ogre is severely wounded.
The two-headed ogre closely misses you.
The two-headed ogre hits you with a +0 giant club!
You die...
Your body crumbles into a pile of gold.

∆... ..#####
#.#...# #.#.∩.#
#.#...# #.#.>.#
########.#...# .
........)#####....∆
########.@OKK....#
##.##K.#....
##...##.# # #.#
##.#.#.#.# #.#
#.##.##..# #.#
#.##.##..# #.#
#.##.##..# #.#
##.#.#.#.# #.#
##...##.#


You could see a two-headed ogre and 3 kobolds.

Vanquished Creatures
  A cyclops (D:8)
  2 trolls (D:8)
  A hornet (D:8)
  Sigmund (D:4)
  2 wraiths
  5 yaks
  2 vampire mosquitoes (D:8)
  A wyvern (D:9)
  Eustachio (D:4)
  A steam dragon (D:8)
  An acid dragon (D:3)
  3 water moccasins
  Duvessa (D:4)
  3 orc warriors
  2 ice beasts
  2 sky beasts (D:6)
  7 black bears
  4 ogres
  A laughing skull (D:8)
  3 centaurs
  A phantom (D:5)
  A kobold brigand (D:9)
  8 bullfrogs
  4 gnoll sergeants
  5 wights (D:8)
  8 scorpions
  Dowan (D:4)
  2 burial acolytes (Ossuary)
  7 killer bees
  2 howler monkeys (D:8)
  3 hounds
  A jelly (D:6)
  A bombardier beetle (D:4)
  3 human zombies (Ossuary)
  An orc priest (D:7)
  2 gnoll boudas
  A sleepcap (D:3)
  8 iguanas
  4 orc wizards
  3 mummies
  A howler monkey zombie (Ossuary)
  20 gnolls
  3 adders (D:5)
  A shadow imp (D:7)
  A white imp (D:7)
  An adder zombie (Ossuary)
  A dart slug (D:4)
  2 ribbon worms
  23 orcs
  7 ball pythons
  5 endoplasms
  A giant cockroach (D:3)
  10 goblins
  13 hobgoblins
  6 jackals
  3 kobolds (D:3)
  4 quokkas
  3 bats
  3 frilled lizards
  2 goblin zombies (D:5)
  7 rats
227 creatures vanquished.

Notes
Turn   | Place    | Note
-------+----------+-------------------------------------------
     0 | D:1      | DocClef the Gnoll Fighter began the quest for the Orb.
     0 | D:1      | Reached XP level 1. HP: 23/23 MP: 1/1
    55 | D:1      | Reached XP level 2. HP: 29/29 MP: 2/2
   365 | D:1      | Reached XP level 3. HP: 34/35 MP: 3/3
   708 | D:2      | Found a faded altar of an unknown god.
   717 | D:2      | Reached skill level 1 in Invocations
  1061 | D:2      | Reached skill level 1 in Short Blades
  1061 | D:2      | Reached skill level 1 in Long Blades
  1061 | D:2      | Reached skill level 1 in Axes
  1061 | D:2      | Reached skill level 1 in Polearms
  1061 | D:2      | Reached skill level 1 in Staves
  1061 | D:2      | Reached skill level 1 in Ranged Weapons
  1061 | D:2      | Reached skill level 1 in Throwing
  1061 | D:2      | Reached skill level 1 in Dodging
  1061 | D:2      | Reached skill level 1 in Stealth
  1061 | D:2      | Reached skill level 1 in Unarmed Combat
  1061 | D:2      | Reached skill level 1 in Spellcasting
  1061 | D:2      | Reached skill level 1 in Evocations
  1401 | D:3      | Reached skill level 1 in Shapeshifting
  1401 | D:3      | Reached XP level 4. HP: 41/41 MP: 5/5
  1537 | D:3      | Reached skill level 1 in Conjurations
  1537 | D:3      | Reached skill level 1 in Hexes
  1537 | D:3      | Reached skill level 1 in Summonings
  1537 | D:3      | Reached skill level 1 in Necromancy
  1537 | D:3      | Reached skill level 1 in Translocations
  1537 | D:3      | Reached skill level 1 in Fire Magic
  1537 | D:3      | Reached skill level 1 in Ice Magic
  1537 | D:3      | Reached skill level 1 in Air Magic
  1537 | D:3      | Reached skill level 1 in Earth Magic
  1537 | D:3      | Reached skill level 1 in Alchemy
  1598 | D:3      | Noticed a scorpion
  1604 | D:3      | Killed a scorpion
  1605 | D:3      | Reached XP level 5. HP: 28/47 MP: 5/7
  2030 | D:3      | Found Bonosh's Magic Scroll Shoppe.
  2190 | D:4      | Noticed Duvessa
  2190 | D:4      | Noticed Dowan
  2536 | D:4      | Killed Duvessa
  2537 | D:4      | Reached skill level 5 in Maces & Flails
  2537 | D:4      | Reached XP level 6. HP: 37/53 MP: 7/9
  2575 | D:4      | Noticed Eustachio
  2578 | D:4      | Killed Dowan
  2708 | D:4      | Killed Eustachio
  2709 | D:4      | Reached XP level 7. HP: 58/60 MP: 10/10
  2736 | D:4      | Noticed Sigmund
  2755 | D:4      | Killed Sigmund
  3191 | D:4      | Reached XP level 8. HP: 30/67 MP: 12/12
  3511 | D:4      | Found a staircase to the Ecumenical Temple.
  3520 | Temple   | Entered the Ecumenical Temple
  3535 | Temple   | Became a worshipper of Gozag Ym Sagoz the Greedy
  3598 | D:5      | Entered Level 5 of the Dungeon
  3835 | D:5      | Found a sand-covered staircase.
  3846 | Ossuary  | Entered an ossuary
  3846 | Ossuary  | Found a huge runed translucent gate.
  3846 | Ossuary  | Found a huge runed translucent gate.
  3846 | Ossuary  | Found a huge runed translucent gate.
  3846 | Ossuary  | Found a huge runed translucent gate.
  3846 | Ossuary  | Found a huge runed translucent gate.
  3846 | Ossuary  | Found a huge runed translucent gate.
  3846 | Ossuary  | Found a huge runed translucent gate.
  3846 | Ossuary  | Found a huge runed translucent gate.
  3907 | Ossuary  | Found a huge runed translucent gate.
  3907 | Ossuary  | Found a huge runed translucent gate.
  3907 | Ossuary  | Found a huge runed translucent gate.
  3908 | Ossuary  | Found a huge runed translucent gate.
  3908 | Ossuary  | Found a huge runed translucent gate.
  3910 | Ossuary  | Found a huge runed translucent gate.
  3910 | Ossuary  | Found a huge runed translucent gate.
  3937 | Ossuary  | Found a huge runed translucent gate.
  3937 | Ossuary  | Found a huge runed translucent gate.
  3937 | Ossuary  | Found a huge runed translucent gate.
  3937 | Ossuary  | Found a huge runed translucent gate.
  3937 | Ossuary  | Found a huge runed translucent gate.
  3938 | Ossuary  | Found a huge runed translucent gate.
  3938 | Ossuary  | Found a huge runed translucent gate.
  3940 | Ossuary  | Found a huge runed translucent gate.
  3940 | Ossuary  | Found a huge runed translucent gate.
  3941 | Ossuary  | Found a huge runed translucent gate.
  3941 | Ossuary  | Found a huge runed translucent gate.
  3942 | Ossuary  | Found a huge runed translucent gate.
  3942 | Ossuary  | Found a huge runed translucent gate.
  3947 | Ossuary  | Found a huge runed translucent gate.
  3947 | Ossuary  | Found a huge runed translucent gate.
  4026 | Ossuary  | Found a huge runed translucent gate.
  4026 | Ossuary  | Found a huge runed translucent gate.
  4026 | Ossuary  | Found a huge runed translucent gate.
  4026 | Ossuary  | Found a huge runed translucent gate.
  4026 | Ossuary  | Found a huge runed translucent gate.
  4266 | D:5      | HP: 3/67 [gnoll sergeant/+0 trident (7)]
  4432 | D:5      | Reached XP level 9. HP: 54/73 MP: 14/14
  4699 | D:5      | Identified the +5 long sword of the Scavenger {freeze, rC+
                  | Int+2 Dex+2}
  5789 | D:6      | Reached skill level 5 in Invocations
  6200 | D:7      | Reached skill level 5 in Short Blades
  6200 | D:7      | Reached skill level 5 in Long Blades
  6200 | D:7      | Reached skill level 5 in Axes
  6200 | D:7      | Reached skill level 5 in Polearms
  6200 | D:7      | Reached skill level 5 in Staves
  6200 | D:7      | Reached skill level 5 in Ranged Weapons
  6200 | D:7      | Reached skill level 5 in Throwing
  6200 | D:7      | Reached skill level 5 in Dodging
  6200 | D:7      | Reached skill level 5 in Stealth
  6200 | D:7      | Reached skill level 5 in Unarmed Combat
  6200 | D:7      | Reached skill level 5 in Spellcasting
  6200 | D:7      | Reached skill level 5 in Evocations
  6200 | D:7      | Reached XP level 10. HP: 80/81 MP: 17/17
  7359 | D:8      | Reached skill level 5 in Shapeshifting
  8395 | D:8      | Reached skill level 5 in Conjurations
  8395 | D:8      | Reached skill level 5 in Hexes
  8395 | D:8      | Reached skill level 5 in Summonings
  8395 | D:8      | Reached skill level 5 in Necromancy
  8395 | D:8      | Reached skill level 5 in Translocations
  8395 | D:8      | Reached skill level 5 in Fire Magic
  8395 | D:8      | Reached skill level 5 in Ice Magic
  8395 | D:8      | Reached skill level 5 in Air Magic
  8395 | D:8      | Reached skill level 5 in Earth Magic
  8395 | D:8      | Reached skill level 5 in Alchemy
  8395 | D:8      | Reached XP level 11. HP: 87/89 MP: 20/20
  8538 | D:8      | Noticed a cyclops
  8546 | D:8      | Killed a cyclops
  8563 | D:8      | Noticed a seven-headed hydra
  8898 | D:9      | Noticed a two-headed ogre
  8982 | D:9      | Found a staircase to the Lair.
  9083 | D:9      | Found Kadoa's General Store.
  9119 | D:9      | Mangled by a two-headed ogre

Illustrated notes

Levels and vault maps discovered:
D:1:      dpeg_arrival_oval, layout_basic, minmay_unequal
D:2:      layout_loops_cross, basic_ecumenical_altar
D:3:      layout_basic, serial_shops, shop, moated_statue, uniq_robin
D:4:      layout_loops_ring, minmay_temple_entry_fiery,
          hangedman_decor_clover_reticule, uniq_duvessa, uniq_sigmund,
          uniq_eustachio
D:5:      layout_basic, nicolae_ossuary_entry_giza
D:6:      minmay_chambers_of_threes, layout_basic
D:7:      layout_basic, dk_noncrumbling_4
D:8:      minmay_the_grid_triangle_9x9_rhombus_full
          [minmay_the_grid_triangle_9x9_from_above,
          minmay_the_grid_triangle_9x9_intruding_spiral,
          minmay_the_grid_triangle_9x9_semitri,
          minmay_the_grid_triangle_9x9_negative_grid,
          minmay_the_grid_triangle_9x9_windchime,
          minmay_the_grid_triangle_9x9_minimal,
          minmay_the_grid_triangle_9x9_corruption,
          minmay_the_grid_triangle_9x9_prize_center], layout_loops_cross
D:9:      minmay_bubble_buster, layout_loops_ring, david_lair_generic,
          serial_shops, nicolae_take_the_stairs, uniq_maggie
Temple:   zaba_magenta_temple

Skill      XL: |  1  2  3  4  5  6  7  8  9 10 11 |
---------------+----------------------------------+-----
Invocations    | 1 2 3 4 5 6 7 |  7.0
Short Blades   | 1 2 3 5 6 |  6.4
Long Blades    | 1 2 3 5 6 |  6.4
Axes           | 1 2 3 5 6 |  6.4
Polearms       | 1 2 3 5 6 |  6.4
Staves         | 1 2 3 5 6 |  6.4
Ranged Weapons | 1 2 3 5 6 |  6.4
Throwing       | 1 2 3 5 6 |  6.4
Dodging        | 1 2 3 5 6 |  6.4
Stealth        | 1 2 3 5 6 |  6.4
Unarmed Combat | 1 2 3 5 6 |  6.4
Spellcasting   | 1 2 3 5 6 |  6.4
Evocations     | 1 2 3 5 6 |  6.4
Shapeshifting  | 1 2 3 4 5 |  5.8
Conjurations   | 1 2 3 4 5 |  5.3
Hexes          | 1 2 3 4 5 |  5.3
Summonings     | 1 2 3 4 5 |  5.3
Necromancy     | 1 2 3 4 5 |  5.3
Translocations | 1 2 3 4 5 |  5.3
Fire Magic     | 1 2 3 4 5 |  5.3
Ice Magic      | 1 2 3 4 5 |  5.3
Air Magic      | 1 2 3 4 5 |  5.3
Earth Magic    | 1 2 3 4 5 |  5.3
Alchemy        | 1 2 3 4 5 |  5.3
Maces & Flails | 5 6 7 8 |  8.0
Fighting       | 7 8 9 |  9.2
Armour         | 7 8 9 |  9.2
Shields        | 7 8 9 |  9.2

Action                     |  1- 3 |  4- 6 |  7- 9 | 10-12 || total
---------------------------+-------+-------+-------+-------++-------
  Melee: Flail             |   145 |    17 |       |       ||   162
         Bite              |    10 |    18 |    55 |    43 ||   126
         Short sword       |       |   113 |   335 |       ||   448
         Long sword        |       |       |    84 |   321 ||   405
    Use: Scroll            |       |       |     5 |     1 ||     6
         Potion            |       |       |     2 |     1 ||     3
   Stab: Distracted        |       |       |     1 |     2 ||     3
         Sleeping          |       |       |       |     2 ||     2
 Armour: Scale mail        |    92 |    92 |   266 |   230 ||   680
  Dodge: Dodged            |    59 |    43 |   151 |   190 ||   443
  Block: Buckler           |    42 |    34 |   111 |   106 ||   293
